 Dungeon Crawl Stone Soup version 0.30-a0-859-gf88a04b62d (webtiles) character file.

Game seed: 288771801205892414

16626 Pimp the Protected (level 12, -25/111 HPs)
             Began as an Armataur Fighter on Mar 6, 2023.
             Was the Champion of Okawaru.
             Annihilated by a white ugly thing (27 damage)
             ... on level 12 of the Dungeon.
             The game lasted 00:31:39 (13828 turns).

Pimp the Protected (Armataur Fighter)              Turns: 13828, Time: 00:31:39

Health: -25/111    AC: 39    Str: 29    XL:     12   Next: 11%
Magic:  12/12      EV:  3    Int: 14    God:    Okawaru [******]
Gold:   1282       SH:  8    Dex: 14    Spells: 11/11 levels left

rFire   . . .      SeeInvis .    A - +1 broad axe (flame)
rCold   . . .      Faith    +    c - +1 buckler
rNeg    . . .      Spirit   .    E - +10 crystal plate armour of Eraczog {rPois Int+5}
rPois   +          Reflect  .    (no helmet)
rElec   +          Roll     +    (no cloak)
rCorr   +                        (no gloves)
Will    .....                    d - +6 lightning scales {swift, rElec} Stlth
                                 n - amulet of faith
HPRegen 0.38/turn                b - ring "Bain Raff" {rPois rCorr Str+3 Dex+4}
MPRegen 0.13/turn                s - ring of resist corrosion

@: about to teleport, marked, studying Axes, invisible, quick
A: large, rugged brown scales 3, deformed body, armoured tail, roll, long
tongue, awkward tongue
a: Renounce Religion, Heroism, Finesse, Duel


You were on level 12 of the Dungeon.
You worshipped Okawaru.
Okawaru was exalted by your worship.
You visited 2 branches of the dungeon, and saw 13 of its levels.

You collected 1575 gold pieces.
You spent 293 gold pieces at shops.

Inventory:

Hand Weapons
 a - a +1 war axe
 p - the +1 war axe "Erpher" {antimagic, rN+}
   (You bought it in a shop on level 3 of the Dungeon)

   rN:        It protects you from negative energy.
 A - a +1 broad axe of flaming (weapon)
Armour
 c - a +1 buckler (worn)
 d - the +6 lightning scales (worn) {swift, rElec}
   (Okawaru gifted it to you on level 9 of the Dungeon)

   Swift:     It allows the wearer to cover ground more swiftly.
   rElec:     It insulates you from electricity.
 e - the +1 chain mail "Qipneho" {rElec rCorr Str+3 Int+4}
   (You found it on level 9 of the Dungeon)

   Str:       It affects your strength (+3).
   Int:       It affects your intelligence (+4).
   rElec:     It insulates you from electricity.
   rCorr:     It protects you from acid and corrosion.
 t - a +0 chain mail
 E - the +10 crystal plate armour of Eraczog (worn) {rPois Int+5}
   (Okawaru gifted it to you on level 11 of the Dungeon)

   Int:       It affects your intelligence (+5).
   rPois:     It protects you from poison.
Jewellery
 b - the ring "Bain Raff" (left hand) {rPois rCorr Str+3 Dex+4}
   (You took it off an orc wizard on level 7 of the Dungeon)

   [ring of poison resistance]

   Str:       It affects your strength (+3).
   Dex:       It affects your dexterity (+4).
   rPois:     It protects you from poison.
   rCorr:     It protects you from acid and corrosion.
 n - an amulet of faith (around neck)
 r - a ring of poison resistance
 s - a ring of resist corrosion (right hand)
 v - the ring "Fiakhuny" {Fire Slay+3}
   (You found it on level 7 of the Dungeon)

   [ring of fire]

   It enhances your fire magic.
   Slay:      It affects your accuracy & damage with ranged weapons and melee
   (+3).
   rF:        It protects you from fire.
   rC:        It makes you vulnerable to cold.
Wands
 g - a wand of acid (10)
 h - a wand of iceblast (8) (quivered)
 y - a wand of flame (6)
Scrolls
 f - a scroll of amnesia
 i - 2 scrolls of immolation
 l - a scroll of magic mapping
 m - 10 scrolls of identify
 o - 2 scrolls of enchant armour
 u - a scroll of teleportation
 w - a scroll of butterflies
Potions
 j - 3 potions of lignification
 q - 3 potions of attraction
 x - a potion of mutation
 z - a potion of invisibility
 B - 2 potions of brilliance {unknown}
 D - 2 potions of ambrosia


   Skills:
 + Level 9.3 Fighting
 + Level 10.0 Axes
 + Level 12.1 Armour
 + Level 2.7 Dodging
 + Level 11.1 Shields
 + Level 3.6 Evocations


You had 11 spell levels left.
You didn't know any spells.
Your spell library contained the following spells:

 Spells                   Type           Power      Damage    Failure   Level
 Necrotise                Necr           0%         1d4       100%        1
 Sandblast                Erth           0%         2d4       100%        1
 Blink                    Tloc           0%         N/A       100%        2
 Lesser Beckoning         Tloc           0%         N/A       100%        2
 Momentum Strike          Conj/Tloc      0%         3d8       100%        2
 Passwall                 Tmut/Erth      0%         N/A       100%        2
 Static Discharge         Conj/Air       0%         2-2/arc   100%        2
 Sublimation of Blood     Necr           0%         N/A       100%        2
 Wereblood                Tmut           0%         N/A       100%        2
 Stone Arrow              Conj/Erth      0%         3d7       100%        3
 Vampiric Draining        Necr           0%         2d6       100%        3
 Vhi's Electric Charge    Tloc/Air       0%         N/A       100%        3
 Agony                    Necr           0%         N/A       100%        5
 Arcjolt                  Conj/Air       0%         1d10      100%        5
 Lightning Bolt           Conj/Air       0%         1d11      100%        5
 Summon Hydra             Summ           Unusable   N/A       N/A         7

Dungeon Overview and Level Annotations

Branches:
Dungeon (12/15)            Temple (1/1) D:5            Lair (0/5) D:10
    Orc (0/2) D:9

Altars:
Cheibriados
Dithmenos
Fedhas
Gozag
Hepliaklqana
Kikubaaqudgha
Okawaru
Qazlal
Trog
Vehumet
Xom
Yredelemnul
Zin
The Shining One

Shops:
D:1 :   D:3 (   D:6 *


Innate Abilities, Weirdness & Mutations

You are completely covered in rugged brown scales. (AC +3, +7% HP)
Armour fits poorly on your strangely shaped body.
You have a long armoured tail.
You roll when moving toward enemies. (Rampage)
Your long tongue fully drains potion bottles. (2x potion effects)
Your tongue gives you trouble enunciating. (1.5x scroll delay)


Message History

The white ugly thing engulfs you but does no damage.
A yak comes into view.
The gargoyle hurls a stone arrow at you.
The stone arrow hits you!!
The manticore bites you but does no damage.
You block the manticore's attack.
The manticore claws you but does no damage.
You hit the manticore. You burn the manticore.
The manticore is moderately wounded.
You hit something. You burn something. You closely miss the white ugly thing.
Something hits you but does no damage. x2
The white ugly thing engulfs you but does no damage.
The manticore bites you.
The manticore claws you but does no damage. x2
The white ugly thing engulfs you. The white ugly thing freezes you!!
* * * LOW HITPOINT WARNING * * *
As you slowly read the scroll of teleportation, it crumbles to dust.
You feel strangely unstable. Something hits you but does no damage.
You block the manticore's attack. x2
The manticore claws you but does no damage.
Something hits you.
* * * LOW HITPOINT WARNING * * *
The white ugly thing engulfs you but does no damage.
You slurp down every last drop of the potion of curing!
You feel better.
A yak comes into view.
The manticore bites you but does no damage.
The manticore claws you but does no damage. x2
The white ugly thing engulfs you. The white ugly thing freezes you!!
* * * LOW HITPOINT WARNING * * *
You slurp down every last drop of the potion of invisibility!
You fade into invisibility!
Something hits you but does no damage.
The gargoyle hits you but does no damage.
The manticore bites you but does no damage.
The manticore claws you but does no damage. x2
The white ugly thing engulfs you.
* * * LOW HITPOINT WARNING * * *
The white ugly thing freezes you!!
You die...

#..##### #.....###.
#......# #........
#..#.###......##
###))............######
##...##........# .......
...#####.......# .......
#.## ####....# .......
#.#########....##u......
#...............@H......
##...########..T9^.>....
#..#..# ###.........
..###.# ###....... ###
... #.Y###. # ... ..#
... #Y.. . ##.# ..


You could see a white ugly thing (unable to see you), a manticore (unable to see
you), 2 yaks, a troll (unable to see you) and a gargoyle (unable to see you).

Vanquished Creatures
  The ghost of freelancePsychic the Fighter, a novice OgAr of Okawaru (D:7)
  2 boulder beetles (D:11)
  A two-headed ogre (D:9)
  Nergalle (D:11)
  Amaemon (D:11)
  4 cyclopes
  A manticore (D:12)
  An orange demon (D:11)
  6 gargoyles
  Psyche (D:10)
  5 trolls
  3 hornets
  5 yaks (D:9)
  2 shadows (D:11)
  2 wraiths
  Eustachio (D:5)
  A vampire mosquito (D:7)
  Menkaure (D:7)
  A water moccasin (D:6)
  3 acid dragons
  9 orc warriors
  3 black bears
  An ogre (D:7)
  3 centaurs
  3 kobold brigands
  2 bullfrogs (D:8)
  2 gnoll sergeants
  3 scorpions
  12 wights
  25 killer bees
  6 howler monkeys
  8 orc priests
  4 hounds
  5 iguanas
  12 orc wizards
  5 sleepcaps
  5 gnolls
  9 adders
  A shadow imp (D:7)
  3 white imps
  3 worms
  A dart slug (D:4)
  52 orcs
  9 ball pythons
  5 endoplasms
  4 giant cockroaches
  6 goblins
  6 hobgoblins
  4 jackals (D:1)
  15 kobolds
  4 quokkas
  6 bats
  4 frilled lizards
  4 rats
287 creatures vanquished.

Vanquished Creatures (others)
  2 plants (D:2)
2 creatures vanquished.

Grand Total: 289 creatures vanquished

Notes
Turn   | Place    | Note
-------+----------+-------------------------------------------
     0 | D:1      | Pimp the Armataur Fighter began the quest for the Orb.
     0 | D:1      | Reached XP level 1. HP: 19/19 MP: 1/1
    53 | D:1      | Reached XP level 2. HP: 26/26 MP: 2/2
   224 | D:1      | Found Xayshreabb's Book Shoppe.
   237 | D:1      | Reached skill level 4 in Armour
   777 | D:2      | Reached XP level 3. HP: 31/33 MP: 3/3
  1006 | D:2      | Found a faded altar of an unknown god.
  1492 | D:2      | Found an ancient bone altar of Kikubaaqudgha.
  1822 | D:3      | Found Gyem's Weapon Shoppe.
  1846 | D:3      | Identified the +0 leather armour "Vacavat" {Str+4 Dex-3}
  2145 | D:3      | Reached XP level 4. HP: 40/40 MP: 4/4
  2225 | D:4      | Noticed an earth elemental
  2323 | D:4      | Found a snail-covered altar of Cheibriados.
  2565 | D:4      | Found a stormy altar of Qazlal.
  2567 | D:4      | Noticed a fire elemental
  2567 | D:4      | Noticed a water elemental
  2567 | D:4      | Noticed an air elemental
  2807 | D:5      | Entered Level 5 of the Dungeon
  2868 | D:5      | Found an ancient bone altar of Kikubaaqudgha.
  2884 | D:5      | Reached XP level 5. HP: 35/48 MP: 5/5
  2997 | D:5      | Reached skill level 5 in Armour
  3014 | D:5      | Reached XP level 6. HP: 43/55 MP: 6/6
  3245 | D:3      | Bought the +1 war axe "Erpher" {antimagic, rN+} for 293
                  | gold pieces
  3342 | D:5      | Reached skill level 5 in Shields
  3737 | D:5      | Found a staircase to the Ecumenical Temple.
  3745 | Temple   | Entered the Ecumenical Temple
  3793 | Temple   | Became a worshipper of Warmaster Okawaru
  3844 | D:5      | Noticed Eustachio
  3880 | D:5      | Killed Eustachio
  3881 | D:5      | Reached XP level 7. HP: 51/64 MP: 2/7
  4257 | D:5      | Reached skill level 6 in Armour
  4537 | D:6      | Identified a scroll of acquirement
  4537 | D:6      | Acquired 736 gold pieces
  4612 | D:6      | Found Zin's Purification Station.
  4616 | D:6      | Found a glowing silver altar of Zin.
  4633 | D:6      | You fall into a shaft and drop 2 floors!
  4665 | D:7      | Found a runed translucent gate.
  4669 | D:7      | Found a runed translucent gate.
  4670 | D:7      | Found a runed translucent gate.
  4671 | D:7      | Noticed freelancePsychic's ghost (novice OgAr)
  4673 | D:7      | Acquired the +3 barding of Ticwokao {rC+}
  4771 | D:7      | Reached * piety under Okawaru
  4774 | D:7      | Noticed a troll
  4834 | D:6      | Reached skill level 5 in Fighting
  4834 | D:6      | Reached XP level 8. HP: 32/72 MP: 2/8
  5398 | D:6      | Reached skill level 7 in Armour
  5559 | D:7      | Noticed Menkaure
  5567 | D:7      | Killed Menkaure
  5567 | D:7      | Reached ** piety under Okawaru
  5870 | D:7      | Found a hazy altar of Hepliaklqana.
  5948 | D:7      | Noticed a troll
  5960 | D:7      | Killed a troll
  6009 | D:7      | Reached skill level 5 in Axes
  6251 | D:7      | Noticed a cyclops
  6273 | D:7      | Noticed a gargoyle
  6281 | D:7      | Killed a gargoyle
  6282 | D:7      | Reached skill level 8 in Armour
  6282 | D:7      | Reached XP level 9. HP: 36/80 MP: 3/9
  6288 | D:7      | Killed a troll
  6288 | D:7      | Reached *** piety under Okawaru
  6369 | D:7      | Killed a cyclops
  6489 | D:7      | Noticed a cyclops
  6491 | D:7      | Noticed a cyclops
  6511 | D:7      | Killed a cyclops
  6512 | D:7      | Reached skill level 9 in Armour
  6516 | D:7      | Killed a cyclops
  6516 | D:7      | Reached **** piety under Okawaru
  6643 | D:7      | Identified the ring "Fiakhuny" {Fire Slay+3}
  6862 | D:7      | Paralysed by a hornet for 1 turns
  6869 | D:7      | Paralysed by a hornet for 1 turns
  6872 | D:7      | Reached XP level 10. HP: 38/92 MP: 3/10
  7144 | D:7      | Identified the ring "Bain Raff" {rPois rCorr Str+3 Dex+4}
  7197 | D:7      | Killed freelancePsychic's ghost
  7641 | D:8      | Identified the +1 robe of Nemelex Xobeh's Favour {Int+3
                  | Dex+6 Slay-2}
  7905 | D:8      | Reached ***** piety under Okawaru
  8003 | D:8      | Reached skill level 10 in Armour
  8382 | D:8      | Found a radiant altar of Vehumet.
  9016 | D:9      | Noticed a two-headed ogre
  9039 | D:9      | HP: 3/94 [two-headed ogre/+0 giant club (13)]
  9040 | D:9      | Killed a two-headed ogre
  9040 | D:9      | Received a gift from Okawaru
  9040 | D:9      | Found the +6 lightning scales {swift, rElec}
  9317 | D:9      | Identified the +1 chain mail "Qipneho" {rElec rCorr Str+3
                  | Int+4}
  9430 | D:9      | Reached skill level 10 in Shields
  9430 | D:9      | Reached XP level 11. HP: 89/101 MP: 3/11
  9865 | D:9      | Found a staircase to the Orcish Mines.
  9984 | D:9      | Reached skill level 11 in Armour
 10351 | D:10     | Entered Level 10 of the Dungeon
 10958 | D:10     | Reached skill level 1 in Evocations
 11079 | D:10     | Reached skill level 1 in Dodging
 11778 | D:10     | Found a basalt altar of Yredelemnul.
 11871 | D:10     | Found a staircase to the Lair.
 11902 | D:10     | Reached ****** piety under Okawaru
 12289 | D:11     | Identified the +10 crystal plate armour of Eraczog {rPois
                  | Int+5} (Okawaru gifted it to you on level 11 of the
                  | Dungeon)
 12289 | D:11     | Received a gift from Okawaru
 12419 | D:11     | Noticed Nergalle
 12420 | D:11     | Noticed Psyche
 12474 | D:10     | Killed Psyche
 12650 | D:11     | Killed Nergalle
 13011 | D:11     | Noticed a boulder beetle
 13037 | D:11     | Killed a boulder beetle
 13086 | D:11     | Noticed a boulder beetle
 13119 | D:11     | Killed a boulder beetle
 13235 | D:11     | Reached skill level 12 in Armour
 13235 | D:11     | Reached XP level 12. HP: 96/111 MP: 4/12
 13239 | D:11     | Noticed Amaemon
 13248 | D:11     | Killed Amaemon
 13635 | D:12     | Reached skill level 10 in Axes
 13827 | D:12     | HP: 4/111 [white ugly thing (31)]
 13828 | D:12     | Annihilated by a white ugly thing

Illustrated notes

Levels and vault maps discovered:
D:1:      wander_arrival_chamber, layout_basic, serial_shops,
          nicolae_lakefront_shop
D:2:      layout_loops_corners, hellmonk_ecumenical_altar_blasted, serial_bayou,
          serial_bayou_shore_b, serial_bayou_pond_d, serial_bayou_crossing,
          serial_bayou_pond_d, basic_altar, kennysheep_potato
D:3:      layout_basic, serial_shops, shop
D:4:      layout_basic, nicolae_qazlal_style_of_elements,
          mainiacjoe_overflow_concentric_impassable
D:5:      layout_basic, kiku_gazebo_pond_becter, temple_statues, uniq_eustachio
D:6:      layout_rooms, zin_purify, hangedman_decor_diamond_cutter,
          minmay_misc_feat_diagonals
D:7:      minmay_the_grid_triangle_9x9_rhombus_thin
          [minmay_the_grid_triangle_9x9_negative_grid,
          minmay_the_grid_triangle_9x9_prize_center,
          minmay_the_grid_triangle_9x9_checkered,
          minmay_the_grid_triangle_9x9_pentomino_pain], layout_loops_corners,
          mainiacjoe_overflow_alcove_2, ebering_ghost_rock_garden,
          enter_bailey_2, nrook_campfire, uniq_menkaure
D:8:      layout_gridville, vehumet_crystals, dreamdust_wishing_well
D:9:      layout_loops_cross, david_orc_4, kennysheep_generic_room_8
D:10:     cheibrodos_statue_roulette, layout_basic,
          mainiacjoe_overflow_six_doors_small, lair_entry_dummy
D:11:     layout_basic, uniq_amaemon, uniq_nergalle, uniq_psyche
D:12:     layout_rooms
Temple:   bh_familiar_temple

Skill      XL: |  1  2  3  4  5  6  7  8  9 10 11 12 |
---------------+-------------------------------------+-----
Armour         | 4 5 6 8 9 10 12 | 12.1
Fighting       | 3 4 5 6 7 8 9 |  9.3
Axes           | 2 3 4 5 6 8 9 10 | 10.0
Shields        | 4 5 6 7 8 10 11 | 11.1
Evocations     | 3 |  3.6
Dodging        | 2 |  2.7

Action                     |  1- 3 |  4- 6 |  7- 9 | 10-12 || total
---------------------------+-------+-------+-------+-------++-------
  Melee: War axe           |   120 |   110 |   178 |   594 ||  1002
         Tailslap          |    13 |     8 |    32 |   111 ||   164
         Broad axe         |       |       |       |    24 ||    24
  Evoke: Wand              |       |     3 |       |       ||     3
    Use: Scroll            |     5 |     2 |     4 |    13 ||    24
         Potion            |     1 |     3 |    13 |     9 ||    26
   Stab: Distracted        |       |       |     1 |       ||     1
 Armour: Scale mail        |    16 |       |       |       ||    16
         Chain mail        |    82 |    69 |   193 |   404 ||   748
         Skin              |       |    37 |       |     7 ||    44
         Crystal plate arm |       |       |       |   118 ||   118
  Dodge: Dodged            |    42 |    39 |    63 |   126 ||   270
  Block: Buckler           |    25 |    34 |    78 |   250 ||   387

Table legend: (Time is in decaauts)
 A = Elapsed time spent in this place.
 B = Non-inter-level travel time spent in this place.
 C = Inter-level travel time spent in this place.
 D = Time resting spent in this place.
 E = Time spent auto-exploring this place.
 F = Levels seen in this place.
 G = Mean time per level.
                   A        B        C        D        E       F      G
               +--------+--------+--------+--------+--------+-----+--------+
         Total |  13858 |  13307 |    551 |   3217 |   7461 |  13 | 1066.0 |
       Dungeon |  13787 |  13263 |    524 |   3217 |   7422 |  12 | 1148.9 |
        Temple |     70 |     43 |     27 |      0 |     39 |   1 |   70.0 |
               +--------+--------+--------+--------+--------+-----+--------+

Top non-repeatable levels by time:
    D:10: 2038 daAuts
     D:7: 1945 daAuts
     D:8: 1704 daAuts
     D:5: 1542 daAuts
     D:9: 1354 daAuts
    D:11: 1129 daAuts
     D:2: 914 daAuts
     D:6: 875 daAuts
     D:1: 789 daAuts
     D:3: 653 daAuts
     D:4: 642 daAuts
    D:12: 196 daAuts
  Temple: 70 daAuts
